Unix xNetHack Version 7.1.0 - last build Jul 4 2022 02:09:00 (ec8469f2eb63cac24863ec985b09651f3a72bf9f). Game began 2022-07-06 15:38:39, ended 2022-07-06 17:19:09. Raisse, neutral female gnomish Wizard ----- ----- ------------- |...| ##..>[| |...........| |...| ----------- # |_..| |...........| ----...---- |.........| ------- # --.-- |...........| #-.......".| |....[....| |...... ## *# |...........-####|.........| |..........########-.....|# # 0 # -----.------- # #|.........| ..........| |.....| ## ### # #### #----...---- |.........| 0##......| # ## # # # # ####|...| |.........| 0## .--.--- ### -.-.----- ## # #|...| ----------- ########################........| ---.----e #-.--- # ############# # ## # |.......| |......|# ########G###############*###0 # # #####........| |.......# ######B# #####0########### ##### --------- |......| #### --.-|-#### |....... -.--- |.....## -------- |...| |...~|## |...+ |.....# |<..| |....| ----- ------ Raisse the Thaumaturge St:10 Dx:13 Co:16 In:19 Wi:14 Ch:10 Neutral Dlvl:3 $:0 HP:0(44) Pw:76(76) AC:7 Xp:6/481 T:7228 Fainted Deaf Latest messages: There is a doorway here. You see here a rothe corpse. You have a little trouble lifting R - a rothe corpse {400}. Your movements are slowed slightly because of your load. What do you want to sacrifice? [R or ?*] R Your sacrifice is consumed in a cloud of smoke! You glimpse a four-leaf clover at your feet. Your movements are now unencumbered. You feel full of energy. You don't have anything to eat. You stop waiting. You impale the orc zombie! You destroy the orc zombie! You are beginning to feel hungry. You stop waiting. You are in full health. Wizard needs food, badly! You jab the kobold lady. The kobold lady punches you! You hit the kobold lady. The kobold lady punches you! You impale the kobold lady. You hit the kobold lady. Are you waiting to get hit? Use 'm' prefix to force a no-op (to rest). You kill the kobold lady! What do you want to dip? [a-cf-hj-moqs-uwxA-DF-ILNPS-UY or ?*] ? Dip an uncursed potion called ruby deli {20} into the fountain? [yn] (n) y Your potion called ruby deli dilutes. The fountain dries up! Where do you want to travel to? (For instructions type a '?') You gore the giant bat. The giant bat bites! The giant bat bites! A floating eye suddenly appears! You impale the giant bat. The giant bat bites! The giant bat bites! You pierce the giant bat. The giant bat bites! You stab the giant bat. The giant bat bites! The giant bat bites! You faint from lack of food. The giant bat bites! The giant bat bites! The giant bat bites! The giant bat bites! You die... Do you want your possessions identified? [ynq] (y) q Major events: Turn 1: Raisse the neutral female gnomish Wizard entered the dungeon 941: read a Discworld novel 941: attained the rank of Conjurer (level 3) 1192: entered the Gnomish Mines 2100: reached Mine Town 4914: attained the rank of Thaumaturge (level 6) 7228: killed by a giant bat, while fainted from lack of food Inventory: Inventory: 394/700 weight (33/52 slots) Weapons a - a blessed +1 orcish dagger (weapon in hand) {10} b - an uncursed +0 wooden elven dagger {3} g - 12 uncursed +0 wooden darts {6} h - a blessed +1 quarterstaff (alternate weapon; not wielded) {40} I - 2 uncursed +1 orcish daggers {20} L - an uncursed +0 elven dagger {10} N - 3 uncursed +0 darts {3} P - 26 uncursed +0 copper darts {26} U - an uncursed +0 dagger {10} Armor C - an uncursed +0 cloak of magic resistance (being worn) {8} H - a blessed +0 dwarvish helm (being worn) {30} O - an uncursed +0 Hawaiian shirt with a parrot motif (being worn) {4} Scrolls k - a blessed scroll of confuse monster {5} m - an uncursed scroll of blank paper {5} s - an uncursed scroll of water {5} t - an uncursed scroll of fire {5} u - a blessed scroll of magic mapping {5} A - an uncursed scroll of enchant armor {5} T - a cursed scroll of charging {5} Potions j - an uncursed diluted potion of fruit juice {20} o - an uncursed potion of polymorph {20} D - a cursed potion of gain ability {20} S - an uncursed potion of sleeping {20} Rings G - an uncursed ring of polymorph control {3} Wands c - an uncursed wand of cancellation (0:6) {7} w - an uncursed wand of magic missile (0:6) {7} F - an uncursed wand of striking (0:4) {7} Y - an uncursed wand of sleep (0:3) {7} Tools f - an uncursed leather drum {25} q - an uncursed skeleton key {3} x - an uncursed sack containing 2 items {20} B - an uncursed oil lamp {20} Gems/Stones l - an uncursed luckstone {10} Contents of the sack: 372 gold pieces an uncursed sprig of wolfsbane Raisse the Wizard's attributes: Background: You were a Thaumaturge, a level 6 female gnomish Wizard. You were neutral, on a mission for Thoth who was opposed by Ptah (lawful) and Anhur (chaotic). You were bisexual. You were in the Dungeons of Doom, on level 3. You entered the dungeon 7228 turns ago. You had 481 experience points, 159 more were needed to attain level 7. Basics: You had 0 out of 44 hit points. You had all 76 energy points (spell power). Your armor class was 7. Your wallet was empty. Autopickup was on for '$!?/"=+' plus thrown, with exceptions. Final Characteristics: Your strength was 10 (base:11, limit:18/50). Your dexterity was 13 (limit:18). Your constitution was 16 (limit:18). Your intelligence was 19 (limit:19). Your wisdom was 14 (limit:18). Your charisma was 10 (limit:18). Final Status: You were deaf. You were fainted due to starvation. You were unencumbered. You were wielding a dagger. You had basic skill with dagger and could have enhanced that. Final Attributes: You were piously aligned. You were magic-protected. You were telepathic. You had infravision. You were warded. You were very lucky. You had extra luck. Bad luck did not time out for you. Good luck did not time out for you. You are dead. Miscellaneous: You never encountered a bones level. Total elapsed playing time was 1 hour, 6 minutes and 20 seconds. Vanquished creatures: 2 leprechauns 2 rock piercers 2 rock moles a shrieker 2 gnome leaders 5 floating eyes 4 dwarves 2 homunculi a kobold leader 4 hill orcs 3 rothes a rabid rat a centipede a giant bat 3 monkeys 2 orc zombies 2 werejackals 5 iguanas a gas spore 3 hobbits 10 manes a large kobold a giant rat 8 cave spiders 2 red molds 4 gnomes a gnome zombie 4 geckos 6 jackals a fox a kobold 10 goblins a sewer rat 4 grid bugs 6 lichens 7 newts 114 creatures vanquished. No species were genocided or became extinct. Voluntary challenges: You read items or engraved 12 times. You never genocided any monsters. You never polymorphed an object. You never changed form. You never touched an artifact. You used no wishes. You never scared an enemy with impunity. You were celibate. You never generated conflict. Achievements: You entered a shop. You read from a Discworld novel. You attained the rank of Conjurer. You entered the Gnomish Mines. You entered Minetown. You entered a temple. You attained the rank of Thaumaturge. The Dungeons of Doom: levels 1 to 5 Level 1: Some fountains. Level 2: A scroll shop, some trees. Stairs down to The Gnomish Mines. Level 3: <- You were here. An altar to Thoth. Final resting place for you, killed by a giant bat, while fainted from lack of food. Level 4: Level 5: The Gnomish Mines: levels 3 to 5 Level 3: Level 4: Level 5: Many shops, a temple, some fountains, some trees. Game over: __________ / \ / REST \ / IN \ / PEACE \ / \ | Raisse | | 372 Au | | killed by a | | giant bat | | | | | | 2022 | *| * * * | * _________)/\\_//(\/(/\)/\//\/|_)_______ Goodbye Raisse the Wizard... You died in The Dungeons of Doom on dungeon level 3 with 2489 points, and 372 pieces of gold, after 7228 moves. You were level 6 with a maximum of 44 hit points when you died.